Map: Oxide LE

Players

ViBE - Winner!

  • Race: Terran Terran
  • League: Silver
  • Spawn Location: 7:00

TinSoldier

  • Race: Zerg Zerg
  • League: Master
  • Spawn Location: 1:00

VOD

https://www.youtube.com/watch?v=VjhJ7E-kFgw&list=PLFeZeom2b4DnD3FIu7pzkXl51JX_WWz2h&index=2

Description

Time

  • Played on: March 11, 2021, 5:56 p.m.
  • Length: 17:49
Show
View Real Time Build Order
Export as new Build Order

ViBE Terran - Winner!

Build Orders:  

Get SALT Encoding   

  12  0:00  SCV  
  13  0:12  SCV  
  14  0:23  Supply Depot  
  14  0:26  SCV  
  15  0:45  SCV  
  16  0:50  Barracks  
  16  0:57  SCV  
  16  0:58  Refinery  
  17  1:09  SCV  
  18  1:21  SCV  
  20  1:40  Marine  
  20  1:41  Orbital Command  
  20  2:01  Command Center  
  20  2:09  SCV  
  20  2:12  Marine  
  22  2:16  Factory  
  22  2:18  Supply Depot  
  22  2:21  SCV  
  23  2:35  Barracks Reactor  
  23  2:40  SCV  
  24  2:52  SCV  
  25  3:02  Barracks  
  25  3:04  SCV  
  26  3:10  Factory Tech Lab  
  26  3:11  Marine x2  
  28  3:16  Refinery, SCV  
  28  3:18  Orbital Command  
  29  3:28  SCV  
  29  3:29  Siege Tank  
  29  3:31  Marine x2  
  35  3:41  SCV  
  36  3:45  SCV  
  36  3:46  Supply Depot  
  37  3:50  Starport  
  37  3:52  Barracks Tech Lab  
  37  3:53  SCV  
  38  3:58  SCV  
  39  4:05  SCV  
  39  4:09  Marine  
  40  4:10  Marine, SCV  
  40  4:12  Marine  
  44  4:17  SCV, Supply Depot  
  44  4:20  Supply Depot  
  44  4:22  Supply Depot, SCV  
  46  4:29  SCV  
  47  4:33  Marine x3  
  47  4:34  SCV, Siege Tank  
  47  4:37  Starport Reactor  
  54  4:41  SCV  
  55  4:46  SCV  
  56  4:53  SCV, Stimpack  
  56  4:58  SCV  
  58  5:01  Marine x3  
  58  5:05  SCV  
  65  5:07  Siege Tank  
  65  5:10  SCV, Command Center  
  65  5:12  Refinery  
  66  5:14  Refinery  
  66  5:17  SCV  
  67  5:22  Engineering Bay  
  67  5:23  SCV  
  67  5:24  Engineering Bay  
  67  5:27  Medivac  
  70  5:29  SCV  
  70  5:35  SCV  
  72  5:45  SCV  
  72  5:47  SCV  
  74  5:54  Supply Depot  
  74  5:56  Supply Depot  
  74  5:57  Supply Depot  
  74  6:11  Marine x3  
  74  6:16  Medivac x2  
  74  6:18  Terran Infantry Armor Level 1, Terran Infantry Weapons Level 1  
  81  6:24  SCV  
  81  6:25  SCV  
  83  6:28  Orbital Command  
  83  6:29  Marine  
  84  6:36  SCV  
  84  6:37  SCV  
  86  6:49  SCV  
  86  6:51  SCV  
  88  6:58  SCV  
  88  7:01  SCV  
  90  7:03  SCV  
  90  7:06  Marine x3  
  90  7:08  Medivac x2  
  98  7:10  SCV  
  99  7:16  Barracks  
  99  7:17  Barracks  
  99  7:18  Barracks  
  99  7:20  Barracks  
  99  7:21  Supply Depot x2  
  99  7:22  Supply Depot  
  99  7:23  Supply Depot  
  99  7:24  SCV x3  
  102  7:36  SCV x2  
  104  7:37  SCV  
  104  7:38  Command Center  
  104  7:40  Marine x3, Refinery  
  104  7:41  Refinery  
  104  7:43  Combat Shield  
  108  7:45  Medivac x2  
  108  7:50  SCV x2  
  108  7:51  SCV  
  110  8:02  SCV x2  
  107  8:08  Barracks Reactor x4, Armory  
  103  8:14  SCV x2  
  103  8:17  Command Center  
  105  8:26  SCV x2  
  107  8:38  Marine, SCV x2  
  107  8:39  Medivac x2  
  114  8:44  Marine x10  
  124  8:50  SCV, Supply Depot x2  
  124  8:51  SCV  
  124  8:55  Marine, Terran Infantry Armor Level 2, Terran Infantry Weapons Level 2  
  126  9:02  Marine x4  
  131  9:08  SCV x2  
  126  9:20  SCV x2  
  126  9:22  Marine x4  
  126  9:23  Marine  
  131  9:25  Marine  
  131  9:26  Marine  
  131  9:29  Command Center  
  133  9:32  SCV x2  
  135  9:39  Supply Depot  
  135  9:44  Marine x8, SCV x2  
  145  9:49  Orbital Command  
  145  9:56  SCV  
  139  10:00  SCV  
  136  10:08  SCV  
  136  10:11  Marine x11  
  136  10:12  SCV  
  149  10:20  SCV  
  150  10:24  SCV  
  151  10:29  Marine x7  
  151  10:32  SCV  
  159  10:36  SCV  
  159  10:37  Refinery  
  159  10:40  Command Center  
  156  10:47  SCV  
  156  10:48  SCV x2  
  151  10:50  Orbital Command  
  150  10:58  Terran Vehicle Weapons Level 1  
  150  10:59  SCV  
  150  11:00  SCV  
  152  11:23  Supply Depot x2  
  152  11:26  SCV x4  
  156  11:35  Supply Depot  
  156  11:36  Terran Infantry Armor Level 3, Terran Infantry Weapons Level 3  
  156  11:37  Supply Depot  
  156  11:38  Marine x11  
  167  11:40  Medivac x2  
  171  11:51  Planetary Fortress  
  171  11:56  Marine x2  
  173  12:01  Command Center  
  173  12:03  Marine x9  
  182  12:10  Medivac x2  
  182  12:13  Marine  
  182  12:14  Marine  
  188  12:18  SCV x4  
  188  12:21  Marine x4  
  196  12:23  Marine x4  
  196  12:28  Barracks  
  196  12:29  Barracks  
  200  12:30  Barracks  
  200  12:31  Barracks, Starport  
  200  12:36  Barracks x2  
  200  12:39  Barracks x4  
  200  12:40  Barracks x2  
  200  12:41  Barracks  
  200  12:43  Barracks  
  200  13:18  Planetary Fortress  
  200  13:55  Command Center  
  200  14:00  Barracks Tech Lab x4  
  200  14:01  Starport Reactor  
  200  14:03  Barracks Reactor x7  
  200  14:04  Barracks Reactor x3  
  200  14:09  Terran Vehicle Weapons Level 2  
  200  14:13  Neosteel Armor, Hi-Sec Auto Tracking  
  200  14:16  Concussive Shells  
  200  14:53  Missile Turret  
  200  14:55  Missile Turret  
  200  14:57  Missile Turret  
  198  15:01  Missile Turret  
  198  15:04  Missile Turret  
  196  15:07  Missile Turret  
  196  15:08  Command Center  
  196  15:10  Marine x7  
  196  15:11  Marine x3  
  198  15:18  Missile Turret  
  198  15:19  Planetary Fortress  
  197  15:22  Marine  
  197  15:23  Marine x2  
  200  15:33  Marine  
  198  15:42  Marine  
  198  15:43  Marine  
  197  16:17  Command Center  
  197  16:24  Command Center  
  197  16:26  Missile Turret  
  194  16:36  Marine x7  
  198  16:59  Command Center  
  196  17:01  Command Center, Missile Turret  
  196  17:02  Missile Turret  
  196  17:08  Marine x5  
  196  17:09  Command Center  
  196  17:11  Missile Turret  
Show
View Real Time Build Order
Export as new Build Order

TinSoldier Zerg 

Build Orders: Pool First, Swarm Host 

Get SALT Encoding   

  12  0:20  Spawning Pool  
  11  0:22  Drone  
  11  0:26  Drone  
  13  0:31  Drone  
  14  0:41  Overlord  
  14  0:57  Extractor  
  14  1:01  Extractor, Drone x2  
  14  1:10  Drone  
  15  1:21  Drone  
  15  1:24  Queen  
  18  1:40  Spore Crawler  
  18  1:41  Drone  
  18  1:42  Drone  
  19  1:54  Drone  
  20  2:01  Overlord  
  20  2:09  Lair  
  20  2:21  Overlord  
  20  2:35  Drone  
  20  2:36  Drone  
  22  2:49  Spore Crawler  
  21  3:07  Infestation Pit  
  20  3:34  Burrow  
  35  3:57  Overlord x2  
  35  3:59  Overseer  
  35  4:05  Overseer  
  35  4:08  Zergling x4  
  37  4:24  Swarm Host  
  43  4:31  Drone x2  
  54  5:23  Overlord x2  
  63  6:14  Swarm Host  
  63  6:18  Overlord  
  69  6:21  Hatchery  
  68  6:31  Spore Crawler  
  67  7:07  Swarm Host  
  75  7:46  Hatchery  
  74  8:18  Swarm Host  
  74  8:19  Swarm Host  
  83  8:26  Overlord x2  
  29  11:13  Spire  
  28  11:22  Drone x2  
  28  11:23  Drone  
  31  12:09  Queen  
  33  12:17  Extractor  
  33  12:20  Drone x3  
  35  12:37  Mutalisk x4  
  35  12:38  Mutalisk x6  
  55  12:50  Extractor  
  54  12:51  Drone  
  55  13:12  Mutalisk x5  
  65  13:33  Drone x3  
  68  13:39  Drone x3  
  71  13:47  Zergling x2  
  65  14:09  Mutalisk x3  
  63  14:10  Mutalisk x3  
  62  15:28  Drone x2  
  56  16:04  Hatchery  
  53  17:00  Hatchery  
Tags
 
Composition
Swarm Host
Matchup
TvZ
Opening
Pool First
Player
ViBE
Replay Pack
Bronze_League
Spawn Locations
Cross Positions
Add a new tag
Caveats
  • Supply blocks, unpowered buildings, or Contaminate may cause inaccurate times.
  • Supply counts are checked every 10 seconds.